 Dungeon Crawl Stone Soup version 0.19.1 (webtiles) character file.

309 Yurafenix the Shield-Bearer (level 6, 0/55 HPs)
             Began as a Minotaur Fighter on Dec 13, 2016.
             Slain by Philosophy's ghost (7 damage)
             ... on level 4 of the Dungeon on Dec 14, 2016.
             The game lasted 00:14:20 (2654 turns).

Yurafenix the Shield-Bearer (Minotaur Fighter)      Turns: 2654, Time: 00:14:21

Health: 0/55       AC:  7    Str: 22    XL:     6   Next: 17%
Magic:  5/5        EV:  8    Int:  5    God:
Gold:   97         SH: 10    Dex: 10    Spells: 0 memorised, 5 levels left

rFire  . . .     SeeInvis .     a - +0 war axe
rCold  . . .     Gourm    .     b - +0 scale mail
rNeg   . . .     Faith    .     c - +0 shield
rPois  .         Spirit   .     (helmet restricted)
rElec  .         Reflect  .     (no cloak)
rCorr  .         Harm     .     (no gloves)
MR     .....     Rnd*Tele +     (no boots)
Stlth  ..........               (no amulet)
                                (no ring)
                                i - ring of teleportation (curse)

@: no status effects
A: retaliatory headbutt, horns 2
a: no special abilities


You were on level 4 of the Dungeon.
You were not hungry.

You visited 1 branch of the dungeon, and saw 4 of its levels.

You collected 97 gold pieces.

Inventory:

Hand Weapons
 a - a +0 war axe (weapon)
Armour
 b - a +0 scale mail (worn)
 c - a +0 shield (worn)
Jewellery
 i - a cursed ring of teleportation (left hand)
Scrolls
 e - 3 scrolls of identify {unknown}
 f - a scroll of noise {unknown}
 g - 2 scrolls of amnesia {unknown}
 j - a scroll of enchant armour {unknown}
 k - 2 scrolls of blinking {unknown}
 l - 3 scrolls of remove curse {unknown}
 o - a scroll of teleportation {unknown}
 p - a scroll of enchant weapon {unknown}
Potions
 d - a potion of might
 h - a potion of ambrosia
 n - 2 potions of agility {unknown}


   Skills:
 + Level 4.8 Fighting
 + Level 4.3 Axes
 + Level 5.3 Armour
 - Level 0.4 Dodging
 + Level 5.4 Shields


You had 5 spell levels left.
You didn't know any spells.

Dungeon Overview and Level Annotations

Branches:
Dungeon (4/15)
 Temple: D:4-7

Altars:
Hepliaklqana
Okawaru
Qazlal

Annotations:
D:4 Philosophy's ghost, amateur FoFi


Innate Abilities, Weirdness & Mutations

You reflexively headbutt those who attack you in melee.
You have a pair of horns on your head.


Message History

Philosophy's ghost ripples.
You block Philosophy's ghost's attack.
You hit Philosophy's ghost.
You headbutt Philosophy's ghost, but do no damage.
Philosophy's ghost is moderately damaged.
You block Philosophy's ghost's attack.
You hit Philosophy's ghost.
Philosophy's ghost is moderately damaged.
Philosophy's ghost hits you!
* * * LOW HITPOINT WARNING * * *
You hit Philosophy's ghost.
Your headbutt misses Philosophy's ghost.
Philosophy's ghost is moderately damaged.
Philosophy's ghost barely misses you. You furiously retaliate!
You headbutt Philosophy's ghost, but do no damage.
You block Philosophy's ghost's attack.
You closely miss Philosophy's ghost. You headbutt Philosophy's ghost.
Philosophy's ghost is heavily damaged.
Philosophy's ghost hits you!
You die...

#.#
######.#
#......#
#......#
#.......
#>.....#
#....W.#
#@#
#.####.#
#>.....#
########


You could see Philosophy's ghost.

Vanquished Creatures
  Sigmund (D:3)
  Ijyb (D:2)
  Natasha (twice) (D:2)
  The ghost of dscm the Skirmisher, a weakling GrFi (D:3)
  2 adders
  3 dart slugs (D:1)
  3 leopard geckos
  3 orcs (D:3)
  A giant cockroach (D:4)
  2 hobgoblins (D:3)
  A quokka (D:2)
  A ball python (D:1)
  7 bats
  5 frilled lizards (D:3)
  5 goblins
  7 kobolds
  8 rats
53 creatures vanquished.

Notes
Turn   | Place    | Note
-------+----------+-------------------------------------------
     0 | D:1      | Yurafenix the Minotaur Fighter began the quest for the Orb.
     0 | D:1      | Reached XP level 1. HP: 19/19 MP: 0/0
    68 | D:1      | Reached XP level 2. HP: 24/27 MP: 1/1
   376 | D:2      | Reached XP level 3. HP: 31/33 MP: 2/2
   379 | D:2      | Found a hazy altar of Hepliaklqana.
   862 | D:2      | Noticed Ijyb
   871 | D:2      | Killed Ijyb
   915 | D:2      | Found a stormy altar of Qazlal.
   956 | D:2      | Noticed Natasha
   964 | D:2      | Killed Natasha
   964 | D:2      | Reached XP level 4. HP: 20/40 MP: 3/3
  1536 | D:3      | Noticed dscm's ghost (weakling GrFi)
  1545 | D:3      | Killed dscm's ghost
  1860 | D:2      | Noticed Natasha
  1862 | D:2      | Killed Natasha
  1862 | D:2      | Reached XP level 5. HP: 47/47 MP: 4/4
  2021 | D:3      | Noticed Sigmund
  2048 | D:3      | Killed Sigmund
  2048 | D:3      | Reached skill level 5 in Armour
  2048 | D:3      | Reached skill level 5 in Shields
  2048 | D:3      | Reached XP level 6. HP: 32/55 MP: 5/5
  2116 | D:3      | Found an iron altar of Okawaru.
  2639 | D:4      | Noticed Philosophy's ghost (amateur FoFi)
  2654 | D:4      | Slain by Philosophy's ghost

Skill      XL: |  1  2  3  4  5 |
---------------+----------------+-----
Armour         | 4 5 |  5.3
Shields        | 4 5 |  5.4
Fighting       | 4 |  4.8
Axes           | 3 4 |  4.3
Dodging        | |  0.4

Action                   |  1- 3 |  4- 6 || total
-------------------------+-------+-------++-------
Melee: War axe           |    67 |    63 ||   130
       Headbutt          |    10 |    15 ||    25
  Use: Potion            |       |     5 ||     5
  Eat: Bread ration      |       |     2 ||     2
Armor: Scale mail        |    25 |    14 ||    39
Dodge: Dodged            |    20 |    23 ||    43
Block: Shield            |    47 |    35 ||    82
